 Dungeon Crawl Stone Soup version 0.32-a0-898-g7811c86cf0 (webtiles) character file.

Game seed: 16843833541767756292

27577 Heh the Fighter (level 13, -1/166 HPs)
             Began as a Coglin Gladiator on Apr 5, 2024.
             Was an Elder of Beogh.
             Succumbed to Nessos's poison
             ... on level 3 of the Lair of Beasts.
             The game lasted 00:37:02 (17082 turns).

Heh the Fighter (Coglin Gladiator)                 Turns: 17082, Time: 00:37:03

Health: -1/166     AC: 26    Str: 17    XL:     13   Next: 33%
Magic:  11/11      EV:  2    Int:  9    God:    Beogh [****..]
Gold:   828        SH:  0    Dex: 17    Spells: 12/12 levels left

rFire   . . .        d - +2 scimitar (flame) {Kazuki}
rCold   . . .        M - +9 rapier "Liusiar" {freeze, SInv}
rNeg    . . .        z - melded +0 scale mail
rPois   +            c - melded +0 helmet
rElec   .            n - melded +0 cloak
rCorr   .            f - melded +0 pair of gloves
SInv    +            (boots currently unavailable)
Will    .....        (no amulet)
Stlth   ++           (no ring)
HPRegen 0.47/turn    (no ring)
MPRegen 0.12/turn    (no gizmo)

%: clarity
@: lethally poisoned (-1 -> -8), tree-form
A: stationary, stasis, torment immunity, boosted hp, off-hand wielding, slow
wielding, warmup strikes, (no jewellery), clarity, low MP 1, (teleportitis 1)
a: Invent Gizmo, Renounce Religion, Smiting, Recall Apostles, Dismiss Bladwarg,
wizard, Dismiss Milork, wizard, Dismiss Worak, priest


You were on level 3 of the Lair of Beasts.
You worshipped Beogh.
Beogh was greatly pleased with you.
You were a tree.
You visited 2 branches of the dungeon, and saw 15 of its levels.

You collected 852 gold pieces.
You spent 24 gold pieces at shops.

Inventory:

Hand Weapons
 b - the +8 war axe of Annoyance {holy, rCorr Int+3 SInv}
   (You found it on level 2 of the Dungeon)

   Int+3:     It affects your intelligence (+3).
   SInv:      It lets you see invisible.
   rCorr:     It protects you from acid and corrosion.
 d - a +2 scimitar of flaming (weapon) {Kazuki}
 s - a +0 dagger of protection {Isabel}
 M - the +9 rapier "Liusiar" (offhand) {freeze, SInv}
   (You found it on level 8 of the Dungeon)

   SInv:      It lets you see invisible.
 N - the +1 hand axe of Impatience {pain, *Slow rElec Int+8}
   (You found it on level 8 of the Dungeon)

   Int+8:     It affects your intelligence (+8).
   rElec:     It insulates you from electricity.
   *Slow:     It may slow you when you take damage.
 S - a +2 heavy trident
 V - a +2 long sword of holy wrath
Missiles
 o - a javelin (quivered)
 Q - a throwing net
Armour
 c - a +0 helmet (melded)
 f - a +0 pair of gloves (melded)
 l - a +0 ring mail
 n - a +0 cloak (melded)
 r - a +0 plate armour
 z - a +0 scale mail (melded)
 E - a +2 robe of cold resistance
 R - a +2 robe of fire resistance
Wands
 q - a wand of acid (4)
 t - a wand of charming (5)
 C - a wand of warping (8)
 G - a wand of digging (4)
 U - a wand of flame (8)
Scrolls
 g - 2 scrolls of butterflies
 h - 4 scrolls of teleportation
 j - 4 scrolls of silence
 k - a scroll of torment
 m - 3 scrolls of vulnerability
 v - 2 scrolls of immolation
 B - a scroll of fog
 H - 3 scrolls of amnesia
 I - 3 scrolls of revelation
 L - 3 scrolls of noise
 X - a scroll of enchant armour
 Z - a scroll of brand weapon
Potions
 e - a potion of cancellation
 i - 5 potions of attraction
 p - 3 potions of haste
 x - a potion of enlightenment
 A - a potion of brilliance
 F - 2 potions of magic
 K - 18 potions of degeneration
 W - 2 potions of might {unknown}
 Y - a potion of resistance


   Skills:
 + Level 13.5 Fighting
 - Level 2.7(6.1) Short Blades
 * Level 9.5(9.7) Long Blades
 - Level 8.2 Axes
 - Level 1.7 Throwing
 + Level 8.4 Armour
 - Level 9.0 Dodging


You had 12 spell levels left.
You didn't know any spells.
Your spell library contained the following spells:

 Spells                   Type           Power      Damage    Failure   Level
 Apportation              Tloc           0%         N/A       38%         1
 Kiss of Death            Conj/Necr      0%         2d5       38%         1
 Slow                     Hex            0%         N/A       38%         1
 Jinxbite                 Hex            0%         N/A       52%         2
 Confusing Touch          Hex            0%         N/A       77%         3
 Hailstorm                Conj/Ice       0%         3d5       77%         3
 Inner Flame              Hex/Fire       0%         N/A       77%         3
 Passwall                 Erth           0%         N/A       77%         3
 Summon Ice Beast         Ice/Summ       0%         N/A       77%         3
 Teleport Other           Tloc           0%         N/A       77%         3
 Vampiric Draining        Necr           0%         2d6       77%         3
 Volatile Blastmotes      Fire/Tloc      0%         2d10      77%         3
 Cause Fear               Hex            0%         N/A       99%         4
 Dispel Undead            Necr           0%         3d6       99%         4
 Flame Wave               Conj/Fire      0%         2d4       99%         4
 Sticky Flame             Fire/Alch      0%         2d4       99%         4
 Vhi's Electric Charge    Tloc/Air       0%         N/A       99%         4
 Alistair's Intoxication  Alch           0%         N/A       100%        5
 Fireball                 Conj/Fire      0%         3d3       100%        5
 Yara's Violent Unravell  Hex/Alch       0%         3d3       100%        5
 Bombard                  Conj/Erth      0%         9d1       100%        6
 Dispersal                Tloc           0%         N/A       100%        6
 Gell's Gavotte           Tloc           0%         2d(11-16) 100%        6
 Permafrost Eruption      Ice/Erth       0%         2x4d1     100%        6
 Sculpt Simulacrum        Ice/Alch       0%         N/A       100%        6
 Enfeeble                 Hex            0%         N/A       100%        7
 Dragon's Call            Summ           0%         N/A       100%        9


Dungeon Overview and Level Annotations

Branches:
Dungeon (12/15)            Temple (0/1) D:7            Lair (3/5) D:8
    Orc (0/2) D:10
  Swamp: Lair:2-3    Shoals: Lair:2-3     Snake: Lair:2-3    Spider: Lair:2-3

Altars:
Ashenzari
Okawaru
Ru
Sif Muna
Vehumet
Wu Jian
Yredelemnul
Zin

Shops:
D:1 [   D:4 ?   D:8 (

Annotations:
Lair:1 1 runed translucent door, runemasterragnar's ghost, journeyman CoHu
Lair:3 Nessos


Innate Abilities, Weirdness & Mutations

You are a tree.
Your roots penetrate the ground, keeping you stationary.
You cannot be teleported.
You are immune to unholy pain and torment.
Your maximum health is greatly increased.
Your equipment is partially melded.
Your facial features look somewhat orcish.
You can wield a second weapon in your off-hand.
It takes a long time for you to wield or remove held weapons.
Your first few attacks do less damage.
((You cannot equip rings or amulets.))
You possess an exceptional clarity of mind.
Your magical capacity is low. (-10% MP)
((You are occasionally teleported next to monsters.))


Message History

Okay, then.
As you read the scroll of fog, it dissolves into smoke.
* * * LOW HITPOINT WARNING * * *
You feel extremely sick.
Nessos casts a spell.
Nessos blinks!
Worak invokes the aid of Beogh against Nessos.
Nessos is smitten.
The blink frog blinks!
* * * LOW HITPOINT WARNING * * *
You feel extremely sick.
The foxfire hits the blink frog!
The blink frog is moderately wounded.
The blink frog closely misses Milork.
Milork casts a spell.
Milork conjures some foxfire!
The blink frog closely misses Milork.
Bladwarg casts a spell.
Bladwarg conjures some foxfire!
Nessos shoots an arrow.
The arrow closely misses you.
Something hits Milork but does no damage.
You feel better.
Something hits Bladwarg.
The foxfire hits Nessos but does no damage.
Nessos is moderately wounded.
You swap places.
Your water moccasin bites Nessos but does no damage.
Nessos shoots an arrow.
The arrow closely misses your water moccasin.
The arrow hits you!
* * * LOW HITPOINT WARNING * * *
The arrow burns you.
You are lethally poisoned!
* * * LOW HITPOINT WARNING * * *
Something hits Bladwarg!
Something hits Bladwarg!!
Bladwarg dies!
You swear to avenge Bladwarg's death!
You turn into a tree.
Your +0 cloak melds into your body.
Your +0 helmet melds into your body.
Your +0 pair of gloves melds into your body.
Your +0 scale mail melds into your body.
Your roots penetrate the ground.
You die...

...?.##.. #~~~≈≈≈~~≈≈~
.....#... ##~≈~~~.~≈≈~
...F..... #..~≈≈~<~≈≈≈
....#...#######~~≈≈~~~~≈≈≈
...§....o.##P....~~~≈≈≈≈≈~
..#..§§c#v.....#.~~≈~≈≈≈~.
##..FF§oS§....P#..~~~~≈~~.
?...§.§§S§P.####.~...~.~.#
.....§§§v♣.## #####...###
##....§§§§## #####
.....§§§§v§# .........#..#
#........##.# #........#
#. #....##.## .♣ ..#P ## ♣


You could see the friendly Milork the orc apostle, the friendly Worak the orc
apostle and 2 friendly water moccasins.

Vanquished Creatures
  Erolcha (D:9)
  2 boulder beetles (D:11)
  2 two-headed ogres (D:9)
  A centaur warrior (D:9)
  Pikel (D:7)
  A deep elf pyromancer (D:9)
  A cyclops (D:12)
  An ugly thing (D:11)
  A manticore (D:9)
  2 elephants (Lair:2)
  4 gargoyles
  An unseen horror (D:11)
  4 cane toads
  3 komodo dragons
  4 kobold demonologists (D:9)
  A hornet (D:9)
  8 blink frogs
  3 slime creatures (D:12)
  Sigmund (D:2)
  2 wraiths
  4 wyverns
  2 shadows
  23 yaks
  A basilisk (Lair:1)
  A steam dragon (D:9)
  2 vampire mosquitoes (D:12)
  Edmund (D:6)
  3 acid dragons
  10 water moccasins
  5 orc warriors
  A black bear (D:4)
  A laughing skull (D:9)
  4 wolves
  2 ogres
  2 centaurs
  A lemure (D:7)
  5 phantoms
  4 kobold brigands
  3 gnoll sergeants (D:9)
  Blork the orc (D:4)
  6 bullfrogs
  4 scorpions
  A water moccasin skeleton (D:5)
  A water moccasin zombie (D:5)
  13 killer bees
  7 orc priests
  A bombardier beetle (D:5)
  3 hounds
  5 iguanas
  5 orc wizards
  2 sleepcaps
  2 hound skeletons (D:5)
  2 hound zombies (D:5)
  A gnoll (D:10)
  9 adders
  2 shadow imps
  A white imp (D:6)
  2 ufetubi (D:5)
  An adder zombie (D:5)
  3 dart slugs (D:2)
  2 ribbon worms
  15 orcs
  8 ball pythons
  4 bats
  7 endoplasms
  2 giant cockroaches (D:2)
  10 goblins
  5 hobgoblins
  5 jackals
  16 kobolds
  2 quokkas
  3 frilled lizards
  6 rats
276 creatures vanquished.

Vanquished Creatures (collateral kills)
  Erica (D:8)
  A two-headed ogre (D:12)
  3 elephants (Lair:2)
  A cane toad (Lair:2)
  2 trolls
  3 blink frogs (Lair:2)
  A water moccasin (Lair:2)
  2 wolves
  A bullfrog (Lair:1)
  A killer bee (D:10)
  2 electric eels (Lair:1)
  A goblin (D:10)
  2 kobolds (D:9)
  5 foxfires
26 creatures vanquished.

Vanquished Creatures (others)
  3 orc apostles
  A vampire mosquito (D:8)
  An acid dragon (D:9)
  An orc priest (D:4)
  2 orc wizards
  7 orcs
  313 foxfires
328 creatures vanquished.

Grand Total: 630 creatures vanquished

Notes
Turn   | Place    | Note
-------+----------+-------------------------------------------
     0 | D:1      | Heh the Coglin Gladiator began the quest for the Orb.
     0 | D:1      | Reached XP level 1. HP: 16/16 MP: 1/1
   412 | D:1      | Reached XP level 2. HP: 23/23 MP: 2/2
   530 | D:1      | Found Qurpheoh's Armour Shop.
   765 | D:2      | Found a sacrificial altar of Ru.
   778 | D:2      | Reached XP level 3. HP: 27/28 MP: 3/3
   885 | D:2      | Reached skill level 3 in Fighting
   955 | D:2      | Noticed Sigmund
   986 | D:2      | Killed Sigmund
   987 | D:2      | Reached skill level 4 in Fighting
   987 | D:2      | Reached XP level 4. HP: 8/37 MP: 4/4
   987 | D:2      | Reached XP level 5. HP: 9/42 MP: 5/5
  1138 | D:2      | Identified the +8 war axe of Annoyance {holy, rCorr Int+3
                  | SInv}
  1591 | D:3      | Became a worshipper of Beogh the Shepherd
  1799 | D:3      | Noticed a phantom
  1805 | D:3      | Killed a phantom
  1806 | D:3      | Reached skill level 1 in Axes
  1806 | D:3      | Reached XP level 6. HP: 45/49 MP: 6/6
  2364 | D:4      | Noticed a black bear
  2371 | D:4      | Reached skill level 5 in Fighting
  2374 | D:4      | Killed a black bear
  2374 | D:4      | Reached * piety under Beogh
  2375 | D:4      | Reached XP level 7. HP: 21/56 MP: 7/7
  2694 | D:4      | Noticed Blork the orc
  2699 | D:4      | Reached skill level 6 in Fighting
  2705 | D:4      | Killed Blork the orc
  2896 | D:4      | Found Myimin's Magic Scroll Boutique.
  2903 | D:4      | Bought a scroll of identify for 24 gold pieces
  2975 | D:5      | Entered Level 5 of the Dungeon
  2989 | D:5      | Reached XP level 8. HP: 61/65 MP: 8/8
  3140 | D:5      | Reached skill level 5 in Axes
  3230 | D:5      | Found a basalt altar of Yredelemnul.
  3230 | D:5      | Found an iron altar of Okawaru.
  3231 | D:5      | Found an ornate altar of the Wu Jian Council.
  3250 | D:5      | Found a glowing silver altar of Zin.
  3293 | D:5      | Reached skill level 7 in Fighting
  3324 | D:5      | Reached skill level 1 in Armour
  3331 | D:5      | Reached ** piety under Beogh
  3382 | D:5      | Found a shimmering blue altar of Sif Muna.
  3598 | D:5      | Reached XP level 9. HP: 73/73 MP: 9/9
  3952 | D:6      | Noticed Edmund
  3962 | D:6      | Killed Edmund
  3963 | D:6      | Reached skill level 8 in Fighting
  4747 | D:7      | Noticed Pikel
  4755 | D:7      | Killed Pikel
  4866 | D:7      | Found a staircase to the Ecumenical Temple.
  5244 | D:7      | Found a sacrificial altar of Ru.
  5673 | D:7      | Reached skill level 9 in Fighting
  5817 | D:8      | Noticed an efreet
  5818 | D:8      | Identified the +9 rapier "Liusiar" {freeze, SInv}
  5818 | D:8      | Noticed a tengu warrior
  5818 | D:8      | Noticed a manticore
  5818 | D:8      | Noticed a centaur warrior
  5818 | D:8      | Noticed a cyclops
  5821 | D:8      | Noticed a manticore
  5821 | D:8      | Noticed a troll
  5821 | D:8      | Noticed a centaur warrior
  5832 | D:8      | Noticed a centaur warrior
  5999 | D:8      | Noticed a meliai
  6013 | D:8      | Reached XP level 10. HP: 69/83 MP: 10/10
  6030 | D:8      | Reached *** piety under Beogh
  6078 | D:8      | Noticed Bladwarg
  6089 | D:8      | Anointed Bladwarg the wizard as your apostle
  6264 | D:8      | Noticed a meliai
  6293 | D:8      | Found a staircase to the Lair.
  6310 | D:8      | Found a broken altar of Ashenzari.
  6482 | D:8      | Identified the +1 hand axe of Impatience {pain, *Slow rElec
                  | Int+8}
  6638 | D:8      | a yaktaur changed into a lindwurm
  6638 | D:8      | Noticed a lindwurm (shapeshifter)
  6640 | D:8      | a lindwurm changed into an unseen horror
  6640 | D:8      | Noticed an unseen horror (shapeshifter)
  6684 | D:8      | Found Kepoucoe's Antique Weapon Shoppe.
  7066 | D:8      | Noticed Erica
  7083 | D:8      | Killed Erica
  7084 | D:8      | Reached skill level 1 in Short Blades
  7084 | D:8      | Reached skill level 5 in Dodging
  7624 | D:9      | Paralysed by a hornet for 2 turns
  7626 | D:9      | Noticed a deep elf pyromancer
  7972 | D:9      | Killed a deep elf pyromancer
  7973 | D:9      | Reached skill level 10 in Fighting
  8261 | D:9      | Noticed a kobold demonologist
  8261 | D:9      | Noticed a kobold demonologist
  8272 | D:9      | Killed a kobold demonologist
  8273 | D:9      | Killed a kobold demonologist
  8284 | D:9      | Reached skill level 5 in Armour
  8285 | D:9      | Reached XP level 11. HP: 82/92 MP: 11/11
  8514 | D:9      | Noticed Erolcha
  8553 | D:9      | Noticed a manticore
  8558 | D:9      | Reached skill level 11 in Fighting
  8558 | D:9      | Noticed a two-headed ogre
  8559 | D:9      | Noticed a two-headed ogre
  8564 | D:9      | Noticed Milork
  8622 | D:9      | Your ally Bladwarg died
  8627 | D:9      | Anointed Milork the wizard as your apostle
  8905 | D:9      | Killed Erolcha
  9010 | D:9      | Killed a two-headed ogre
  9076 | D:9      | Killed a manticore
  9228 | D:9      | Killed a two-headed ogre
  9338 | D:9      | Noticed a centaur warrior
  9353 | D:9      | Killed a centaur warrior
  9354 | D:9      | Reached skill level 12 in Fighting
  9770 | D:10     | Entered Level 10 of the Dungeon
  9781 | D:10     | Found a radiant altar of Vehumet.
 10072 | D:10     | Found a staircase to the Orcish Mines.
 10775 | D:11     | Noticed a boulder beetle
 10808 | D:11     | Killed a boulder beetle
 10809 | D:11     | Reached skill level 5 in Long Blades
 11084 | D:11     | Noticed a brown ugly thing
 11091 | D:11     | Killed a brown ugly thing
 11092 | D:11     | Reached XP level 12. HP: 59/103 MP: 12/12
 11272 | D:11     | Reached **** piety under Beogh
 11948 | D:11     | Noticed a boulder beetle
 11960 | D:11     | Killed a boulder beetle
 12592 | D:12     | Noticed a two-headed ogre
 12599 | D:12     | Killed a two-headed ogre
 13367 | Lair:1   | Entered Level 1 of the Lair of Beasts
 14068 | Lair:1   | Reached skill level 13 in Fighting
 14116 | Lair:1   | Found a runed translucent door.
 14117 | Lair:1   | Noticed runemasterragnar's ghost (journeyman CoHu)
 14469 | Lair:1   | Identified the +6 leather armour of Fortification {rElec
                  | rF+}
 14469 | Lair:1   | Noticed Worak
 14473 | Lair:1   | Your ally Milork died
 14489 | Lair:1   | Anointed Worak the priest as your apostle
 15434 | Lair:2   | Reached XP level 13. HP: 111/111 MP: 13/13
 16202 | Lair:2   | Gained mutation: You do not regenerate when monsters are
                  | visible. [potion of mutation]
 16202 | Lair:2   | Gained mutation: Your magical capacity is low. (-10% MP)
                  | [potion of mutation]
 16202 | Lair:2   | Gained mutation: You possess an exceptional clarity of
                  | mind. [potion of mutation]
 16202 | Lair:2   | Gained mutation: You have very sharp teeth. [potion of
                  | mutation]
 16204 | Lair:2   | Lost mutation: You have very sharp teeth. [potion of
                  | mutation]
 16204 | Lair:2   | Lost mutation: You do not regenerate when monsters are
                  | visible. [potion of mutation]
 16204 | Lair:2   | Gained mutation: You are occasionally teleported next to
                  | monsters. [potion of mutation]
 16204 | Lair:2   | Gained mutation: You are dopey. (Int -2) [potion of
                  | mutation]
 16204 | Lair:2   | Lost mutation: You are dopey. (Int -2) [potion of mutation]
 17071 | Lair:3   | Noticed Nessos
 17079 | Lair:3   | HP: 5/111 [poisoned by Nessos]
 17081 | Lair:3   | HP: 1/111 [Nessos/arrow (3)]
 17081 | Lair:3   | Your ally Bladwarg died
 17082 | Lair:3   | Succumbed to Nessos's poison

Illustrated notes

Levels and vault maps discovered:
D:1:      shiori_arrival_elements, layout_loops_ring, serial_shops,
          nicolae_shop_window_shopping
D:2:      layout_basic, basic_altar, uniq_sigmund
D:3:      layout_basic
D:4:      layout_rooms, serial_shops, kennysheep_mini, uniq_blork_the_orc
D:5:      layout_basic, nicolae_overflow_quartered_altars,
          mainiacjoe_overflow_catwalk, serial_undead, serial_undead_a,
          serial_undead_e, serial_undead_f, serial_undead_b,
          grunt_decor_fettered, grunt_decor_clamped
D:6:      layout_basic, uniq_edmund
D:7:      layout_loops_corners, nicolae_ru_sacrificial_ziggurat,
          minmay_temple_entry_arrows, uniq_pikel
D:8:      layout_layer_cave, nicolae_ashenzari_skybound, lair_entry_dummy,
          serial_shops, nicolae_square_shop, minivault_12, uniq_erica
D:9:      wad_guarded_room, layout_loops_ring, hangedman_decor_opposing,
          minmay_misc_feat_square, uniq_erolcha
D:10:     layout_roguey, mainiacjoe_overflow_concentric_impassable, david_orc_4,
          enter_bailey_7
D:11:     layout_basic
D:12:     layout_gridville, serial_rivers, chequers_serial_rivers_micro_d,
          chequers_serial_rivers_marsh, chequers_serial_rivers_micro_b,
          chequers_serial_rivers_small_a, chequers_serial_rivers_micro_b,
          minmay_misc_feat_diagonals
Lair:1:   layout_small_grid, gammafunk_ghost_grave, serial_bayou_shore_a,
          grunt_megastairs_1
Lair:2:   layout_long_grid, serial_bayou_pond_d, beast_lair_carwin_3
Lair:3:   layout_cave_pods, palyth_hydra_swamp_entry,
          guppyfry_snake_entry_island, beast_lair_carwin_8,
          infiniplex_staircase_pool_2, uniq_sonja, uniq_nessos

Skill      XL: |  1  2  3  4  5  6  7  8  9 10 11 12 13 |
---------------+----------------------------------------+-----
Fighting       | 4 5 6 7 9 10 12 13 | 13.5
Long Blades    | 4 5 8 9 |  9.5
Axes           | 1 3 4 6 7 8 |  8.2
Armour         | 2 3 5 6 8 |  8.4
Dodging        | 3 4 5 7 8 9 |  9.0
Short Blades   | 2 |  2.7
Throwing       | |  1.7

Action                     |  1- 3 |  4- 6 |  7- 9 | 10-12 | 13-15 || total
---------------------------+-------+-------+-------+-------+-------++-------
  Melee: Long sword        |    63 |    39 |     4 |       |       ||   106
         Dagger            |    63 |     9 |   139 |       |       ||   211
         War axe           |       |    35 |   182 |    23 |       ||   240
         Rapier            |       |       |     5 |   268 |    38 ||   311
         Scimitar          |       |       |       |   249 |    38 ||   287
  Throw: Throwing net      |     3 |       |     1 |     2 |       ||     6
         Javelin           |       |     2 |       |     1 |       ||     3
 Invoke: Convert to Beogh  |       |     1 |       |       |       ||     1
         Recruit Apostle   |       |       |       |     3 |       ||     3
         Recall Apostles   |       |       |       |     2 |     1 ||     3
  Evoke: Wand              |       |       |       |    13 |     2 ||    15
    Use: Potion            |     4 |       |       |     9 |     4 ||    17
         Scroll            |       |       |    14 |     9 |     4 ||    27
   Stab: Held in net/web   |       |       |       |     5 |       ||     5
         Distracted        |       |       |       |     5 |     2 ||     7
 Armour: Leather armour    |     7 |       |       |       |       ||     7
         Ring mail         |    39 |    44 |   104 |       |       ||   187
         Skin              |     3 |     5 |       |     7 |       ||    15
         Scale mail        |       |       |    39 |   270 |    45 ||   354
  Dodge: Dodged            |    29 |    33 |    94 |   202 |    29 ||   387

Table legend: (Time is in decaauts)
 A = Elapsed time spent in this place.
 B = Non-inter-level travel time spent in this place.
 C = Inter-level travel time spent in this place.
 D = Time resting spent in this place.
 E = Time spent auto-exploring this place.
 F = Levels seen in this place.
 G = Mean time per level.
                   A        B        C        D        E       F      G
               +--------+--------+--------+--------+--------+-----+--------+
         Total |  17154 |  16229 |    925 |   1206 |  13094 |  15 | 1143.6 |
       Dungeon |  13576 |  12875 |    701 |    403 |  10819 |  12 | 1131.3 |
          Lair |   3577 |   3354 |    223 |    803 |   2275 |   3 | 1192.3 |
               +--------+--------+--------+--------+--------+-----+--------+

Top non-repeatable levels by time:
     D:8: 2204 daAuts
  Lair:1: 1965 daAuts
     D:9: 1914 daAuts
    D:11: 1615 daAuts
  Lair:2: 1589 daAuts
    D:12: 1056 daAuts
     D:7: 1038 daAuts
     D:6: 1021 daAuts
    D:10: 977 daAuts
     D:2: 968 daAuts
     D:5: 747 daAuts
     D:3: 682 daAuts
     D:4: 678 daAuts
     D:1: 669 daAuts
  Lair:3: 23 daAuts
